AoeStats
← nicopizzini92

Oasis

509107039Analyzed
2v2 RM · 5d ago on Sep 25, 2026· 41m 3s· 4 players
Game mode
Random Map
Map size
Medium (4 player)
Population
200
Speed
Normal
Resources
Standard
Victory
Conquest
Starting age
Dark Age
Ending age
Imperial Age
RankedLock teamsTeams togetherTeam positionsShared explorationLock speedFull tech treeHidden civsTurbo modeCheats
Victory
Defeat
🇬🇧 Ethiopians · United Kingdom
1097
+14
🇨🇱 Mongols · Chile
955
+27
🇦🇷 Slavs · Argentina
1082
-18
🇦🇷 Britons · Argentina
995
-15
nicopizzini92
9:34 Loom
12:35 Feudal Age
15:49 Fletching
16:24 Double-Bit Axe
21:20 Castle Age
20:53 Padded Archer Armor
22:52 Crossbowman
27:51 Fortified Wall
37:40 Imperial Age
ferrossi405
3:39 Loom
11:40 Feudal Age
16:40 Castle Age
14:28 Double-Bit Axe
14:55 Horse Collar
24:20 Fletching
24:17 Town Watch
26:09 Town Patrol
26:28 Bodkin Arrow
32:49 Imperial Age
31:12 Forging
31:08 Scale Barding Armor
31:40 Bloodlines
31:31 Husbandry
32:31 Iron Casting
32:06 Detinets
34:21 Chain Barding Armor
35:03 Blast Furnace
34:25 Elite Skirmisher
35:08 Padded Archer Armor
35:45 Plate Barding Armor
37:08 Chemistry
36:59 Wheelbarrow
37:39 Leather Archer Armor
38:37 Conscription
38:54 Ballistics
38:32 Murder Holes
ageofcardiff
6:26 Loom
11:08 Feudal Age
16:28 Castle Age
14:35 Double-Bit Axe
15:21 Horse Collar
17:24 Bow Saw
17:55 Wheelbarrow
17:23 Heavy Plow
25:53 Hand Cart
29:44 Imperial Age
27:02 Town Watch
27:57 Ballistics
28:45 Forging
28:33 Gold Mining
30:12 Gold Shaft Mining
29:51 Fletching
30:01 Padded Archer Armor
29:48 Crossbowman
30:28 Stone Mining
31:19 Conscription
30:56 Halberdier
31:38 Squires
32:35 Torsion Engines
33:42 Chemistry
33:05 Scale Mail Armor
32:49 Arbalester
34:04 Thumb Ring
34:45 Iron Casting
34:27 Leather Archer Armor
35:17 Bodkin Arrow
36:55 Blast Furnace
36:26 Arson
37:48 Chain Mail Armor
37:34 Bracer
38:04 Ring Archer Armor
TX_DROPDEAD
6:33 Loom
9:03 Feudal Age
9:44 Double-Bit Axe
10:36 Horse Collar
17:22 Wheelbarrow
19:59 Castle Age
20:23 Fletching
21:03 Bow Saw
21:09 Heavy Plow
21:03 Gold Mining
22:37 Stone Mining
23:48 Bodkin Arrow
24:49 Padded Archer Armor
26:49 Hand Cart
26:56 Bloodlines
26:50 Husbandry
27:33 Thumb Ring
27:47 Town Watch
29:45 Leather Archer Armor
35:28 Imperial Age
33:41 Ballistics
35:54 Town Patrol
36:24 Bracer
37:25 Chemistry
37:18 Masonry
37:17 Siege Engineers
37:19 Capped Ram
39:21 Conscription
39:54 Parthian Tactics
40:45 Drill
Connection lost

Rejoining the realm…

Still unreachable

The connection could not be restored.

Session expired

The server has moved on; the page needs a fresh start.